| TOP OF THE 1ST |
|
Fort Wayne TinCaps batting - Pitching for Augusta GreenJackets : RHP Bill Tindall
|
|
Pitching: RHP Bill Tindall
|
|
|
Batting: RHB Cesar Ortega
|
0-0: Ball 1-0: Ball 2-0: Foul Ball, location: 2F 2-1: Foul Ball, location: 2F 2-2: Strikes out swinging, 2-3 out at first.
|
|
Batting: LHB Dean Luttman
|
0-0: Called Strike 0-1: Ball 1-1: Ball 2-1: Swinging Strike 2-2: Fly out, F7 (Flyball, 7D, EV 103.1 MPH)
|
|
Batting: RHB Devon Dill
|
0-0: Ball 1-0: Foul Ball, location: 2F 1-1: Ball 2-1: Called Strike 2-2: SINGLE (Groundball, 34D, EV 95.0 MPH)
|
|
Batting: RHB John Freeman
|
0-0: Called Strike Devon Dill steals 2nd base 0-1: Ball 1-1: Foul Ball, location: 2F 1-2: Ground out 5-3 (Groundball, 56S, EV 73.8 MPH)
|
| Top of the 1st over - 0 runs, 1 hit, 0 errors, 1 left on base; Fort Wayne 0 - Augusta 0 |
| BOTTOM OF THE 1ST |
|
Augusta GreenJackets batting - Pitching for Fort Wayne TinCaps : RHP Mike Schoening
|
|
Pitching: RHP Mike Schoening
|
|
|
Batting: RHB Armando Ramirez
|
0-0: Ground out 4-3 (Groundball, 4, EV 84.4 MPH)
|
|
Batting: RHB Leon Alders
|
0-0: Ground out 5-3 (Groundball, 56S, EV 85.6 MPH)
|
|
Batting: RHB Frank Pena
|
0-0: Swinging Strike 0-1: Called Strike 0-2: Strikes out swinging
|
| Bottom of the 1st over - 0 runs, 0 hits, 0 errors, 0 left on base; Fort Wayne 0 - Augusta 0 |
| TOP OF THE 2ND |
|
Fort Wayne TinCaps batting - Pitching for Augusta GreenJackets : RHP Bill Tindall
|
|
Batting: RHB Ben Welt
|
0-0: Foul Ball, location: 2F 0-1: Called Strike 0-2: Foul Ball, location: 2F 0-2: Ball 1-2: Ground out 4-3 (Groundball, 4, EV 104.4 MPH)
|
|
Batting: RHB Gary Horgan
|
0-0: Swinging Strike 0-1: Foul Ball, location: 2F 0-2: Ball 1-2: Ball 2-2: Strikes out swinging, 2-3 out at first.
|
|
Batting: RHB Dave Cordero
|
0-0: Called Strike 0-1: Foul Ball, location: 2F 0-2: Ball 1-2: Strikes out swinging
|
| Top of the 2nd over - 0 runs, 0 hits, 0 errors, 0 left on base; Fort Wayne 0 - Augusta 0 |
| BOTTOM OF THE 2ND |
|
Augusta GreenJackets batting - Pitching for Fort Wayne TinCaps : RHP Mike Schoening
|
|
Batting: LHB Sam Ogg
|
0-0: Called Strike 0-1: Swinging Strike 0-2: Ball 1-2: Foul Ball, location: 2F 1-2: Ball 2-2: Ground out 6-3 (Groundball, 6, EV 80.0 MPH)
|
|
Batting: RHB Jonathan Davis
|
0-0: Fly out, F9 (Line Drive, 89D, EV 105.6 MPH)
|
|
Batting: LHB Bruce Arvizu
|
0-0: Ball 1-0: Ball 2-0: Called Strike 2-1: Foul Ball, location: 2F 2-2: Strikes out swinging
|
| Bottom of the 2nd over - 0 runs, 0 hits, 0 errors, 0 left on base; Fort Wayne 0 - Augusta 0 |
| TOP OF THE 3RD |
|
Fort Wayne TinCaps batting - Pitching for Augusta GreenJackets : RHP Bill Tindall
|
|
Batting: RHB Bill Vives
|
0-0: Ground out 3-1 (Groundball, 13, EV 85.0 MPH)
|
|
Batting: RHB Paul Wood
|
0-0: Called Strike 0-1: Ball 1-1: Foul Ball, location: 2F 1-2: Strikes out swinging
|
|
Batting: RHB Cesar Ortega
|
0-0: Called Strike 0-1: Foul Ball, location: 2F 0-2: Ball 1-2: Ball 2-2: SINGLE (Groundball, 6MD, EV 101.2 MPH)
|
|
Batting: LHB Dean Luttman
|
0-0: Swinging Strike 0-1: Ball 1-1: DOUBLE (Line Drive, 9LM, EV 98.8 MPH) Cesar Ortega to third Runner from 3rd tries for Home, SAFE, no throw by RF
|
|
Batting: RHB Devon Dill
|
0-0: Called Strike 0-1: Called Strike 0-2: Ball 1-2: Strikes out looking
|
| Top of the 3rd over - 1 run, 2 hits, 0 errors, 1 left on base; Fort Wayne 1 - Augusta 0 |
| BOTTOM OF THE 3RD |
|
Augusta GreenJackets batting - Pitching for Fort Wayne TinCaps : RHP Mike Schoening
|
|
Batting: RHB Aaron Burress
|
0-0: Called Strike 0-1: SINGLE (Line Drive, 7S, EV 95.0 MPH)
|
|
Batting: RHB Gary Sampson
|
0-0: Ball 1-0: Called Strike 1-1: Ball 2-1: TRIPLE (Flyball, 78XD, EV 105.0 MPH) Aaron Burress scores
|
|
Batting: LHB Gil Caraveo
|
0-0: Called Strike 0-1: Ball 1-1: Called Strike 1-2: Ball 2-2: Ball 3-2: Foul Ball, location: 2F 3-2: Ground out U3 (Groundball, 3L, EV 81.2 MPH)
|
|
Batting: RHB Armando Ramirez
|
0-0: Foul Ball, location: 2F 0-1: Fly out, F8 (Line Drive, 8RM, EV 88.8 MPH)
|
|
Batting: RHB Leon Alders
|
0-0: Called Strike 0-1: Ground out 1-3 (Groundball, P, EV 71.9 MPH)
|
| Bottom of the 3rd over - 1 run, 2 hits, 0 errors, 1 left on base; Fort Wayne 1 - Augusta 1 |
| TOP OF THE 4TH |
|
Fort Wayne TinCaps batting - Pitching for Augusta GreenJackets : RHP Bill Tindall
|
|
Batting: RHB John Freeman
|
0-0: Ball 1-0: Called Strike 1-1: Swinging Strike 1-2: Foul Ball, location: 2F 1-2: Ball 2-2: Ground out U3 (Groundball, 34, EV 84.4 MPH)
|
|
Batting: RHB Ben Welt
|
0-0: Swinging Strike 0-1: Ball 1-1: Called Strike 1-2: Ball 2-2: Strikes out swinging
|
|
Batting: RHB Gary Horgan
|
0-0: Ground out 4-3 (Groundball, 4, EV 82.5 MPH)
|
| Top of the 4th over - 0 runs, 0 hits, 0 errors, 0 left on base; Fort Wayne 1 - Augusta 1 |
| BOTTOM OF THE 4TH |
|
Augusta GreenJackets batting - Pitching for Fort Wayne TinCaps : RHP Mike Schoening
|
|
Batting: RHB Frank Pena
|
0-0: Ball 1-0: Ground out 6-3 (Groundball, 6, EV 80.0 MPH)
|
|
Batting: LHB Sam Ogg
|
0-0: Called Strike 0-1: Ball 1-1: SINGLE (Groundball, 56D, EV 109.4 MPH)
|
|
Batting: RHB Jonathan Davis
|
0-0: Ball 1-0: Ball 2-0: Ball 3-0: Called Strike 3-1: Called Strike 3-2: Foul Ball, location: 2F 3-2: Fly out, F7 (Flyball, 7D, EV 98.8 MPH)
|
|
Batting: LHB Bruce Arvizu
|
0-0: Called Strike 0-1: Fielders Choice at 2nd, U4 (Groundball, 4M, EV 81.9 MPH)
|
| Bottom of the 4th over - 0 runs, 1 hit, 0 errors, 1 left on base; Fort Wayne 1 - Augusta 1 |
| TOP OF THE 5TH |
|
Fort Wayne TinCaps batting - Pitching for Augusta GreenJackets : RHP Bill Tindall
|
|
Batting: RHB Dave Cordero
|
0-0: Foul Ball, location: 2F 0-1: Ball 1-1: Ball 2-1: Swinging Strike 2-2: SINGLE (Line Drive, 7S, EV 108.8 MPH)
|
|
Batting: RHB Bill Vives
|
0-0: Foul Ball, location: 2F 0-1: Grounds into double play, 6-4-3 (Groundball, 6, EV 78.8 MPH)
|
|
Batting: RHB Paul Wood
|
0-0: Swinging Strike 0-1: Foul Ball, location: 2F 0-2: Ball 1-2: Foul Ball, location: 2F 1-2: Ball 2-2: Ground out U3 (Groundball, 13, EV 86.2 MPH)
|
| Top of the 5th over - 0 runs, 1 hit, 0 errors, 0 left on base; Fort Wayne 1 - Augusta 1 |
| BOTTOM OF THE 5TH |
|
Augusta GreenJackets batting - Pitching for Fort Wayne TinCaps : RHP Mike Schoening
|
|
Batting: RHB Aaron Burress
|
0-0: Ball 1-0: Foul Ball, location: 2F 1-1: Foul Ball, location: 2F 1-2: Ball 2-2: Foul Ball, location: 2F 2-2: Ball 3-2: Ground out 1-3 (Groundball, 13S, EV 67.5 MPH)
|
|
Batting: RHB Gary Sampson
|
0-0: Ground out 6-3 (Groundball, 6, EV 105.0 MPH)
|
|
Batting: LHB Gil Caraveo
|
0-0: Ball 1-0: Ball 2-0: Foul Ball, location: 2F 2-1: Swinging Strike 2-2: SINGLE (Line Drive, 34D, EV 98.8 MPH)
|
|
Batting: RHB Armando Ramirez
|
0-0: Ball 1-0: Called Strike 1-1: Swinging Strike 1-2: Ball Gil Caraveo is caught stealing 2nd base 2-4
|
| Bottom of the 5th over - 0 runs, 1 hit, 0 errors, 0 left on base; Fort Wayne 1 - Augusta 1 |
| TOP OF THE 6TH |
|
Fort Wayne TinCaps batting - Pitching for Augusta GreenJackets : RHP Bill Tindall
|
|
Batting: RHB Cesar Ortega
|
0-0: Ball 1-0: Ball 2-0: Foul Ball, location: 2F 2-1: Ball 3-1: Ground out 5-3 (Groundball, 56, EV 99.4 MPH)
|
|
Batting: LHB Dean Luttman
|
0-0: Ball 1-0: Called Strike 1-1: Foul Ball, location: 2F 1-2: Fly out, F9 (Flyball, 9, EV 85.6 MPH)
|
|
Batting: RHB Devon Dill
|
0-0: Swinging Strike 0-1: Called Strike 0-2: Strikes out looking
|
| Top of the 6th over - 0 runs, 0 hits, 0 errors, 0 left on base; Fort Wayne 1 - Augusta 1 |
| BOTTOM OF THE 6TH |
|
Augusta GreenJackets batting - Pitching for Fort Wayne TinCaps : RHP Mike Schoening
|
|
Batting: RHB Armando Ramirez
|
0-0: Ball 1-0: Foul Ball, location: 2F 1-1: Foul Ball, location: 2F 1-2: Ball 2-2: SOLO HOME RUN (Flyball, 9D, EV 101.9 MPH), Distance : 380 ft
|
|
Batting: RHB Leon Alders
|
0-0: Ball 1-0: Called Strike 1-1: Ground out 6-3 (Groundball, 56, EV 103.8 MPH)
|
|
Batting: RHB Frank Pena
|
0-0: Ball 1-0: TRIPLE (Line Drive, 89XD, EV 111.9 MPH)
|
|
Batting: LHB Sam Ogg
|
0-0: Ball 1-0: Ground out 5-3 (Groundball, 56S, EV 86.2 MPH)
|
|
Batting: RHB Jonathan Davis
|
0-0: Foul Ball, location: 2F 0-1: Ball 1-1: Ball 2-1: Foul Ball, location: 2F Balk! Frank Pena scores 2-2: Foul Ball, location: 2F 2-2: Ball 3-2: Strikes out swinging
|
| Bottom of the 6th over - 2 runs, 2 hits, 0 errors, 0 left on base; Fort Wayne 1 - Augusta 3 |
| TOP OF THE 7TH |
|
Fort Wayne TinCaps batting - Pitching for Augusta GreenJackets : RHP Bill Tindall
|
|
Batting: RHB John Freeman
|
0-0: Ball 1-0: Ball 2-0: Ball 3-0: Called Strike 3-1: SINGLE (Groundball, 56D, EV 105.6 MPH)
|
|
Batting: RHB Ben Welt
|
0-0: Called Strike 0-1: Swinging Strike 0-2: Ball Wild Pitch! John Freeman to second 1-2: Foul Ball, location: 2F 1-2: Strikes out looking
|
|
Batting: RHB Gary Horgan
|
0-0: Called Strike 0-1: Ball John Freeman is caught stealing 3rd base 2-5 1-1: Fly out, F7 (Flyball, 78M, EV 83.1 MPH)
|
| Top of the 7th over - 0 runs, 1 hit, 0 errors, 0 left on base; Fort Wayne 1 - Augusta 3 |
| BOTTOM OF THE 7TH |
|
Augusta GreenJackets batting - Pitching for Fort Wayne TinCaps : RHP Mike Schoening
|
|
Batting: LHB Bruce Arvizu
|
0-0: Hit by Pitch
|
|
Batting: RHB Aaron Burress
|
0-0: Called Strike 0-1: Grounds into double play, 4-6-3 (Groundball, 4M, EV 96.9 MPH)
|
|
Batting: RHB Gary Sampson
|
0-0: Called Strike 0-1: Ball 1-1: Foul Ball, location: 2F 1-2: Strikes out looking
|
| Bottom of the 7th over - 0 runs, 0 hits, 0 errors, 0 left on base; Fort Wayne 1 - Augusta 3 |
| TOP OF THE 8TH |
|
Fort Wayne TinCaps batting - Pitching for Augusta GreenJackets : RHP Bill Tindall
|
|
Pitching: RHP Sergio Silva
|
|
|
Batting: RHB Dave Cordero
|
0-0: Foul Ball, location: 2F 0-1: Ball 1-1: Called Strike 1-2: Foul Ball, location: 2F 1-2: Ground out 4-3 (Groundball, 4, EV 89.4 MPH)
|
|
Batting: RHB Bill Vives
|
0-0: Ball 1-0: Called Strike 1-1: Ground out U3 (Groundball, 3, EV 85.6 MPH)
|
|
Batting: RHB Paul Wood
|
0-0: Ball 1-0: Called Strike 1-1: Ball 2-1: Foul Ball, location: 2F 2-2: Ball 3-2: Foul Ball, location: 2F 3-2: Strikes out looking
|
| Top of the 8th over - 0 runs, 0 hits, 0 errors, 0 left on base; Fort Wayne 1 - Augusta 3 |
| BOTTOM OF THE 8TH |
|
Augusta GreenJackets batting - Pitching for Fort Wayne TinCaps : RHP Mike Schoening
|
|
Batting: LHB Gil Caraveo
|
0-0: Ball 1-0: Fly out, F8 (Flyball, 78D, EV 102.5 MPH)
|
|
Batting: RHB Armando Ramirez
|
0-0: Fly out, F9 (Flyball, 9LS, EV 91.2 MPH)
|
|
Batting: RHB Leon Alders
|
0-0: Foul Ball, location: 2F 0-1: Called Strike 0-2: SINGLE (Line Drive, 4M, EV 101.2 MPH)
|
|
Batting: RHB Frank Pena
|
0-0: Ground out 4-3 (Groundball, 4, EV 83.1 MPH)
|
| Bottom of the 8th over - 0 runs, 1 hit, 0 errors, 1 left on base; Fort Wayne 1 - Augusta 3 |
| TOP OF THE 9TH |
|
Fort Wayne TinCaps batting - Pitching for Augusta GreenJackets : RHP Sergio Silva
|
|
Pitching: RHP Ricky Fo
|
|
|
Batting: RHB Cesar Ortega
|
0-0: Called Strike 0-1: Hit by Pitch
|
|
Batting: LHB Dean Luttman
|
0-0: Foul Ball, location: 2F 0-1: Ball 1-1: Fielders Choice at 2nd, 6-4 (Groundball, 6, EV 106.9 MPH)
|
|
Batting: RHB Devon Dill
|
0-0: Fly out, F3 (Popup, 3S, EV 75.6 MPH)
|
|
Batting: RHB John Freeman
|
0-0: Called Strike 0-1: Called Strike 0-2: Ball 1-2: Fly out, F9 (Flyball, 89M, EV 88.1 MPH)
|
| Top of the 9th over - 0 runs, 0 hits, 0 errors, 1 left on base; Fort Wayne 1 - Augusta 3 |
|